Map: Complesso Moebius XX-1

Players

CoalLeague - Winner!

  • Race: Zerg Zerg

Jhyrachy - Winner!

  • Race: Zerg Zerg
  • League: Gold

Larry - Winner!

  • Race: Terran Terran

ecclesiaste - Winner!

  • Race: Terran Terran
  • League: Gold

prosss

  • Race: Protoss Protoss

DuTerTE

  • Race: Terran Terran

Fobos

  • Race: Protoss Protoss

GabrielsMad

  • Race: Protoss Protoss

VOD

Have the link to the VOD?

Description

Time

  • Played on: April 20, 2016, 7:22 a.m.
  • Length: 15:37
Show
View Real Time Build Order
Export as new Build Order

CoalLeague Zerg - Winner!

Build Orders: Pool First, Lurkers 

Get SALT Encoding   

  12  0:04  Drone  
  13  0:16  Drone  
  14  0:27  Spawning Pool  
  13  0:37  Overlord  
  13  0:46  Drone  
  14  1:00  Drone  
  15  1:15  Drone x3  
  15  1:18  Queen  
  20  1:41  Hatchery, Drone  
  20  1:42  Drone  
  21  1:48  Extractor  
  21  1:54  Queen  
  22  2:08  Overlord  
  22  2:17  Overlord  
  22  2:30  Extractor  
  21  2:40  Drone x5  
  26  2:47  Overlord  
  26  2:59  Drone  
  26  3:00  Drone x2  
  29  3:06  Zergling x2  
  29  3:12  Drone x2  
  32  3:16  Drone  
  33  3:23  Metabolic Boost  
  33  3:26  Lair  
  33  3:27  Drone x2  
  33  3:30  Extractor  
  33  3:31  Drone  
  33  3:32  Drone x2  
  37  3:40  Drone  
  38  3:47  Spine Crawler  
  37  3:51  Drone x3  
  40  3:57  Extractor, Spine Crawler  
  37  4:13  Drone x3  
  37  4:16  Drone x2  
  42  4:18  Spore Crawler  
  42  4:21  Spore Crawler  
  40  4:25  Overlord  
  40  4:31  Drone  
  41  4:37  Overlord  
  41  4:55  Hatchery  
  41  4:58  Queen  
  41  4:59  Overlord x2  
  42  5:07  Hydralisk Den  
  42  5:09  Infestation Pit  
  42  5:10  Drone  
  42  5:11  Spore Crawler, Drone x2  
  42  5:12  Drone  
  43  5:15  Drone  
  44  5:43  Overlord  
  44  5:46  Hive  
  44  5:55  Evolution Chamber  
  43  5:58  Evolution Chamber  
  42  6:14  Lurker Den  
  42  6:23  Spore Crawler  
  41  6:28  Zerg Ground Armor Level 1  
  41  6:31  Zerg Missile Weapons Level 1  
  41  6:41  Hydralisk x6  
  41  6:42  Hydralisk  
  41  6:46  Drone x3  
  58  6:47  Pneumatized Carapace  
  58  6:49  Burrow  
  58  7:03  Drone x3  
  61  7:39  Hatchery  
  61  7:41  Hatchery, Hydralisk x4  
  67  7:47  Muscular Augments  
  67  8:18  Lurker x3  
  70  8:21  Lurker  
  70  8:22  Lurker x3  
  70  8:26  Zerg Missile Weapons Level 2  
  74  8:30  Zerg Ground Armor Level 2  
  74  8:43  Drone x5  
  74  8:44  Drone x3  
  82  8:49  Overlord x3  
  82  9:14  Drone  
  82  9:15  Drone x2  
  85  9:23  Drone x3  
  85  9:24  Drone x5  
  90  9:27  Drone x7  
  90  9:28  Drone  
  101  9:48  Hydralisk x2  
  101  9:49  Hydralisk  
  101  9:50  Hydralisk x5  
  117  9:56  Spore Crawler  
  112  10:00  Spore Crawler  
  112  10:03  Spore Crawler  
  109  10:08  Spore Crawler  
  103  10:43  Drone x6  
  103  10:44  Spore Crawler, Drone x6  
  103  10:47  Extractor  
  103  10:48  Extractor  
  112  10:52  Zerg Missile Weapons Level 3  
  112  10:57  Zerg Ground Armor Level 3  
  112  11:01  Overlord  
  112  11:02  Overlord x7  
  112  11:10  Drone  
  112  11:11  Drone x2  
  115  11:13  Drone  
  115  11:14  Drone x2, Extractor  
  115  11:15  Drone  
  118  11:29  Spore Crawler x2  
  118  11:32  Spore Crawler  
  115  11:35  Spore Crawler  
  115  11:36  Drone x3  
  117  11:40  Spore Crawler x2  
  117  11:45  Drone x3  
  118  11:52  Hydralisk x8  
  118  11:53  Hydralisk  
  131  12:12  Drone x10  
  130  12:28  Hatchery  
  130  12:29  Drone x3  
  132  12:31  Drone  
  132  12:32  Drone x2  
  132  12:33  Queen  
  135  12:41  Drone x3  
  135  12:42  Extractor  
  134  12:56  Spawning Pool  
  127  13:01  Drone  
  173  13:30  Zerg Melee Weapons Level 1  
  173  13:50  Overseer x2  
  173  13:53  Overlord x3  
  173  13:54  Overlord x2  
Show
View Real Time Build Order
Export as new Build Order

Jhyrachy Zerg - Winner!

Build Orders: Hatch First 

Get SALT Encoding   

  12  0:18  Drone x2  
  12  0:21  Overlord  
  14  0:40  Drone x2  
  16  0:57  Hatchery  
  16  0:59  Drone  
  16  1:04  Extractor  
  15  1:17  Spawning Pool, Drone  
  15  1:18  Drone  
  16  1:30  Drone  
  17  1:41  Drone  
  17  1:46  Drone  
  19  2:03  Queen  
  19  2:07  Drone  
  22  2:09  Extractor  
  22  2:10  Drone  
  22  2:16  Drone  
  23  2:29  Drone, Overlord  
  24  2:38  Queen  
  24  2:40  Drone x2  
  28  2:48  Drone  
  29  2:53  Drone x2  
  29  2:55  Drone  
  29  2:58  Lair  
  32  3:01  Extractor  
  32  3:03  Drone x2  
  33  3:10  Drone  
  34  3:19  Drone x2  
  36  3:22  Overlord  
  36  3:36  Extractor, Drone  
  36  3:40  Drone x3  
  36  3:41  Drone  
  40  4:00  Spire  
  39  4:17  Overlord x2  
  39  4:28  Drone  
  39  4:29  Drone x2  
  42  5:14  Mutalisk  
  42  5:15  Mutalisk x8  
  42  5:19  Overlord x2  
  60  5:36  Zerg Flyer Weapons Level 1  
  60  5:37  Hatchery  
  60  5:38  Mutalisk  
  60  5:39  Mutalisk x3  
  60  5:41  Mutalisk  
  69  8:06  Queen  
  71  8:25  Extractor  
  70  8:27  Zerg Flyer Weapons Level 2  
  70  8:30  Mutalisk x6  
  70  8:32  Overlord x3  
  70  8:33  Overlord  
  82  8:52  Drone  
  82  8:53  Drone x2, Extractor  
  82  8:54  Drone x4  
  82  8:55  Drone x12  
  100  9:05  Overlord  
  100  9:15  Mutalisk  
  100  9:16  Mutalisk x4  
  110  9:32  Mutalisk x5  
  110  9:33  Mutalisk  
  110  9:35  Overlord x2  
  110  9:36  Overlord  
  122  9:50  Overlord x3  
  106  10:38  Mutalisk  
  106  10:39  Mutalisk x14  
  131  10:43  Zerg Flyer Armor Level 1  
  131  10:48  Queen  
  133  10:53  Mutalisk  
  133  10:54  Mutalisk x2  
  135  12:08  Mutalisk x10  
  137  12:09  Mutalisk x3  
  161  12:42  Zerg Flyer Armor Level 2  
  153  13:54  Mutalisk  
  151  14:27  Mutalisk  
Show
View Real Time Build Order
Export as new Build Order

Larry Terran - Winner!

Build Orders: 1/1/1 

Get SALT Encoding   

  12  0:01  SCV  
  13  0:14  SCV  
  14  0:24  Supply Depot  
  14  0:26  Refinery  
  14  0:27  SCV  
  15  0:46  SCV  
  15  0:47  Barracks  
  16  0:58  SCV  
  17  1:15  SCV  
  18  1:27  SCV  
  19  1:35  Factory  
  19  1:40  Orbital Command  
  19  1:41  Refinery, Barracks Tech Lab  
  19  1:48  Supply Depot  
  19  1:59  Engineering Bay  
  19  2:08  SCV  
  20  2:11  Barracks Tech Lab  
  20  2:20  SCV  
  21  2:24  Starport  
  21  2:32  SCV  
  22  2:39  Missile Turret  
  22  2:46  SCV  
  22  2:48  Starport  
  23  2:58  SCV  
  24  3:02  Banshee  
  27  3:25  Banshee  
  30  3:29  Command Center  
  29  3:40  Marine  
  30  3:54  Supply Depot  
  30  4:01  Supply Depot  
  30  4:15  Banshee x2  
  36  4:18  SCV  
  37  4:31  SCV  
  38  4:36  Refinery  
  38  4:44  Refinery  
  35  5:59  Viking x2  
  35  6:00  Marine  
  40  6:05  Orbital Command  
  40  6:14  SCV  
  41  6:22  Fusion Core  
  41  6:23  Starport  
  41  6:26  Factory Tech Lab, SCV  
  42  6:38  SCV  
  43  6:51  SCV, Supply Depot  
  42  7:03  SCV  
  43  7:15  SCV  
  44  7:18  Supply Depot  
  44  7:19  Battlecruiser  
  44  7:20  Factory Reactor, Battlecruiser x2  
  62  7:23  Supply Depot  
  62  7:59  Supply Depot  
  62  8:00  Supply Depot  
  62  8:43  Battlecruiser x3  
  62  8:48  SCV x2  
  73  9:00  SCV x2  
  75  9:12  SCV x2  
  77  9:20  Weapon Refit  
  77  9:24  SCV x2  
  77  9:26  Barracks Tech Lab  
  77  9:28  Widow Mine x2  
  77  9:29  Starport  
  83  9:36  SCV x2  
  85  10:01  Battlecruiser x2  
  85  10:03  Widow Mine x2  
  101  10:25  Command Center  
  101  10:26  Refinery  
  101  10:27  Refinery  
  101  10:31  Missile Turret  
  101  10:53  Missile Turret  
  101  11:14  Supply Depot  
  101  11:15  Supply Depot  
  101  11:16  Supply Depot  
  101  11:23  Armory  
  101  11:24  Armory  
  101  11:36  Battlecruiser x2  
  113  11:46  Supply Depot  
  113  11:47  Supply Depot  
  113  11:49  Orbital Command  
  113  11:53  SCV  
  114  11:55  SCV  
  115  12:07  SCV  
  116  12:29  Battlecruiser x2  
  128  12:35  Terran Vehicle And Ship Armor Level 1  
  128  12:39  Terran Ship Weapons Level 1  
  128  12:40  Battlecruiser  
  134  13:02  Battlecruiser  
  121  13:35  SCV x3  
  124  13:47  SCV  
  124  13:48  Battlecruiser  
  131  14:24  Battlecruiser x2  
Show
View Real Time Build Order
Export as new Build Order

ecclesiaste Terran - Winner!

Build Orders:  

Get SALT Encoding   

  12  0:02  SCV  
  13  0:17  Supply Depot  
  13  0:27  Refinery  
  13  0:30  SCV  
  14  0:40  Barracks  
  14  0:43  SCV  
  15  0:55  SCV  
  16  1:12  Supply Depot  
  16  1:15  Barracks  
  16  1:19  SCV  
  17  1:32  Supply Depot  
  17  1:35  Marine  
  18  1:50  Factory  
  18  1:54  Marine  
  19  2:04  Marine  
  20  2:14  Marine  
  21  2:22  Orbital Command  
  21  2:26  Barracks Reactor  
  21  2:32  Marine  
  21  2:34  Factory Tech Lab  
  22  2:38  Refinery  
  22  2:42  Engineering Bay  
  22  2:51  Barracks Tech Lab  
  22  3:08  Siege Tank  
  25  3:15  Missile Turret  
  25  3:18  Marine x2  
  27  3:25  Supply Depot  
  27  3:35  Marauder  
  27  3:38  Missile Turret  
  29  3:48  Starport  
  29  3:52  SCV  
  30  4:00  Marine x2  
  32  4:04  SCV  
  33  4:11  Marauder  
  35  4:19  Combat Shields  
  35  4:25  SCV  
  35  4:27  Starport Reactor  
  36  4:45  Command Center  
  36  5:04  Medivac  
  36  5:06  Medivac  
  40  5:08  Marine x2  
  40  5:12  Marauder  
  44  5:18  Supply Depot  
  44  5:33  Marine x2  
  46  5:37  Medivac  
  42  6:29  Barracks  
  42  6:36  Siege Tank  
  42  6:38  Marine  
  42  6:39  Marine  
  47  6:51  Marauder  
  47  6:52  Medivac  
  51  6:58  Terran Infantry Weapons Level 1  
  51  7:06  Orbital Command  
  51  7:10  Siege Tank  
  51  7:12  Marine x2  
  56  7:17  Barracks Tech Lab  
  56  7:30  Marauder  
  56  7:35  SCV x2  
  60  7:42  Marine  
  60  7:43  Marine  
  62  7:45  Marauder  
  62  7:47  SCV x2  
  62  7:49  Siege Tank  
  69  7:59  SCV  
  69  8:03  Concussive Shells  
  70  8:10  Marine x2, SCV  
  70  8:11  SCV  
  74  8:12  Supply Depot  
  74  8:23  SCV x2  
  76  8:33  Missile Turret  
  76  8:34  Siege Tank  
  76  8:35  SCV, Supply Depot  
  76  8:39  SCV  
  81  8:41  Marauder  
  81  8:47  SCV  
  84  8:50  Refinery  
  84  8:51  SCV  
  84  8:54  Refinery  
  85  8:57  Terran Infantry Armor Level 1  
  85  8:59  SCV  
  85  9:02  Stimpack  
  86  9:20  Armory  
  86  9:33  Marine x2  
  86  9:35  Marauder  
  18  10:14  Marauder  
  18  10:16  Marine  
  19  10:32  Marine  
  16  10:36  Marauder  
  12  10:50  Marine  
  13  11:05  Marauder  
  13  11:08  Marine  
  16  11:18  SCV  
  17  11:30  SCV  
  19  11:34  Barracks Reactor  
  18  11:42  Siege Tank  
  18  11:43  SCV  
  22  11:55  SCV  
  22  12:01  Command Center  
  23  12:07  SCV  
  24  12:12  Marine  
  24  12:13  Marine  
  26  12:34  Siege Tank  
  29  12:46  Medivac  
  31  12:54  Medivac  
  33  13:29  Marine x2  
  33  13:46  Marine  
  33  13:47  Marine  
  35  14:04  Marine x2  
  37  14:19  Orbital Command  
  37  14:22  Marine x2  
  39  14:31  Refinery  
  39  14:51  Thor  
  45  15:08  Marine x2  
Show
View Real Time Build Order
Export as new Build Order

prosss Protoss 

Build Orders:  

Get SALT Encoding   

  12  0:03  Probe (Chrono Boost)  
  13  0:13  Probe (Chrono Boost)  
  14  0:18  Pylon  
  14  0:25  Probe (Chrono Boost)  
  15  0:37  Probe (Chrono Boost)  
  15  0:39  Gateway  
  16  0:47  Probe (Chrono Boost)  
  17  0:50  Assimilator  
  17  0:58  Probe (Chrono Boost)  
  18  1:08  Probe (Chrono Boost)  
  18  1:18  Forge  
  18  1:19  Probe (Chrono Boost)  
  18  1:21  Assimilator  
  19  1:29  Probe (Chrono Boost)  
  20  1:40  Probe (Chrono Boost)  
  20  1:43  Pylon  
  21  1:50  Probe (Chrono Boost)  
  22  1:56  Cybernetics Core  
  22  1:59  Gateway  
  23  2:01  Probe (Chrono Boost)  
  23  2:09  Protoss Ground Weapons Level 1  
  23  2:16  Zealot  
  25  2:29  Gateway  
  25  2:43  Stalker  
  27  2:47  Gateway  
  27  2:52  Stalker  
  29  3:04  Pylon  
  29  3:15  Stalker  
  31  3:20  Warp Gate (Chrono Boost)  
  31  3:32  Pylon  
  31  3:34  Twilight Council  
  31  3:35  Stalker  
  33  3:43  Pylon  
  32  4:12  Probe  
  32  4:14  Charge (Chrono Boost)  
  32  4:15  Twilight Council  
  33  4:27  Pylon  
  33  4:40  Protoss Ground Weapons Level 2  
  33  5:10  Stalker x2  
  33  5:11  Stalker x2  
  41  5:31  Nexus  
  41  5:42  Stalker  
  43  5:46  Zealot  
  45  5:50  Zealot  
  29  6:13  Stalker x2  
  29  6:15  Stalker  
  29  6:27  Stalker  
  29  6:45  Probe  
  30  6:52  Stalker x2  
  33  6:55  Probe  
  33  7:01  Stalker  
  36  7:02  Stalker  
  36  7:06  Probe  
  39  7:20  Stalker x2  
  43  7:25  Probe  
  44  7:35  Probe  
  44  7:41  Pylon  
  45  7:44  Zealot x2  
  45  7:48  Probe  
  50  7:55  Zealot  
  52  8:00  Photon Cannon  
  48  8:12  Probe  
  47  8:17  Photon Cannon  
  47  8:19  Zealot  
  50  8:32  Photon Cannon  
  50  8:33  Probe  
  51  8:44  Probe  
  52  8:51  Zealot  
  52  8:54  Probe  
  55  9:05  Probe  
  55  9:09  Pylon  
  56  9:16  Probe  
  56  9:23  Stalker x2  
  61  9:26  Probe  
  61  9:30  Probe  
  63  9:37  Probe  
  63  9:43  Probe  
  65  9:51  Stalker x2  
  65  9:52  Stalker  
  71  9:53  Stalker  
  45  10:29  Stalker x4  
  45  10:47  Assimilator  
  45  10:49  Assimilator  
  45  10:53  Photon Cannon, Stalker x2  
  45  10:54  Stalker  
  45  10:55  Stalker  
  49  11:11  Blink (Chrono Boost)  
  49  11:17  Stalker  
  49  11:18  Stalker x2  
  55  11:19  Stalker  
  27  12:04  Stalker  
  27  12:06  Stalker  
  27  12:07  Stalker  
  33  12:22  Probe, Nexus  
  34  12:23  Photon Cannon  
  34  12:34  Probe  
  35  12:37  Pylon  
  35  12:38  Probe  
  36  12:46  Probe, Stalker  
  36  12:47  Pylon, Stalker x2  
  36  12:48  Probe  
  44  13:06  Probe  
  44  13:08  Templar Archives  
  45  13:18  Probe  
  46  13:22  Stalker  
  48  13:27  Stalker  
  48  13:28  Stalker  
  48  13:30  Probe  
  53  13:46  Stalker  
  51  13:53  Probe  
  52  14:00  Gateway  
  52  14:01  Gateway  
  52  14:02  Pylon  
  52  14:03  Probe, Gateway  
  52  14:05  Pylon, Gateway  
  52  14:09  Gateway x2  
  53  14:10  Gateway  
  53  14:14  Probe, Stalker x3  
  60  14:24  Probe  
  60  14:25  Pylon  
  60  14:27  Pylon  
  60  14:30  Gateway  
  61  14:35  Probe  
  60  14:41  Stalker x3  
  60  14:45  Probe  
  45  14:56  Probe  
  45  15:06  Probe  
Show
View Real Time Build Order
Export as new Build Order

DuTerTE Terran 

Build Orders: MMM Bio 

Get SALT Encoding   

  12  0:04  SCV  
  13  0:16  SCV  
  14  0:26  Supply Depot  
  14  0:28  SCV  
  15  0:48  SCV  
  16  1:02  SCV, Barracks  
  17  1:09  Supply Depot  
  17  1:14  SCV  
  18  1:26  SCV  
  19  1:38  SCV  
  20  1:43  Command Center  
  20  1:49  Marine  
  21  1:58  Orbital Command  
  21  2:03  Refinery  
  21  2:05  Refinery  
  21  2:07  Supply Depot  
  21  2:09  Marine  
  22  2:25  SCV  
  23  2:37  SCV, Barracks  
  23  2:38  Marine  
  23  2:39  Barracks  
  25  3:02  Orbital Command  
  25  3:08  SCV  
  26  3:13  Refinery  
  26  3:14  Refinery  
  26  3:20  Barracks Tech Lab, SCV  
  27  3:28  Barracks Tech Lab  
  27  3:29  Barracks Tech Lab  
  27  3:32  SCV  
  28  3:39  Supply Depot, Factory  
  28  3:40  SCV  
  29  3:44  SCV  
  30  3:49  Stimpack  
  30  3:53  Concussive Shells  
  30  3:55  Combat Shields  
  30  3:57  Marauder  
  30  4:00  SCV x2  
  34  4:06  Marauder  
  36  4:12  Marauder  
  36  4:14  SCV x2  
  40  4:26  SCV  
  40  4:27  SCV  
  42  4:36  Widow Mine  
  42  4:37  Starport  
  42  4:38  Starport  
  39  4:46  Marine x2  
  39  4:47  Marine  
  39  4:50  SCV  
  39  4:51  SCV  
  44  5:04  Marine x2  
  46  5:15  Viking  
  48  5:23  Marine x2  
  48  5:32  Viking  
  49  5:37  Marine  
  49  5:41  Marine  
  44  5:58  Viking  
  44  6:02  Viking  
  48  6:07  SCV x2  
  50  6:18  Factory Reactor  
  50  6:19  SCV x2  
  52  6:31  SCV x2  
  54  6:44  Barracks Reactor, Starport Reactor x2  
  54  6:47  Barracks Reactor  
  54  7:05  Marine  
  55  7:12  Engineering Bay  
  55  7:14  Engineering Bay  
  55  7:16  Starport  
  55  7:18  Armory  
  55  7:20  Widow Mine x2  
  60  7:22  SCV  
  60  7:23  Marine  
  60  7:28  Marine  
  62  7:36  Marine, Supply Depot  
  62  7:37  Supply Depot  
  62  7:38  Supply Depot  
  62  7:39  Supply Depot  
  62  7:57  Marine x5, Medivac  
  68  7:58  Medivac  
  69  8:01  SCV x2  
  73  8:06  Missile Turret x2  
  73  8:07  Missile Turret  
  73  8:08  Terran Infantry Weapons Level 1, Terran Infantry Armor Level 1  
  73  8:12  Starport Tech Lab  
  73  8:13  SCV  
  73  8:15  Marine  
  73  8:16  Liberator  
  75  8:21  Fusion Core  
  75  8:29  Barracks  
  75  8:30  Barracks x2  
  75  8:32  Viking  
  75  8:33  Medivac  
  82  8:35  Marine x2  
  82  8:38  Marine  
  82  8:39  Marine x2  
  87  8:48  Terran Ship Weapons Level 1  
  86  9:09  Advanced Ballistics, Liberator  
  86  9:12  Marine x2  
  86  9:13  Marine x3  
  91  9:18  Supply Depot  
  91  9:19  Supply Depot x2  
  91  9:20  Supply Depot  
  91  9:22  Barracks Reactor x3  
  94  9:39  Marine x4  
  94  9:40  Medivac  
  94  9:43  Liberator x2  
  100  9:51  Marine  
  101  9:57  Marine x4  
  87  10:33  Marine x4  
  85  10:35  Viking x2  
  85  10:36  Viking  
  85  10:40  Marine x3  
  94  10:43  Viking x2  
  98  11:01  Terran Ship Weapons Level 2  
  98  11:04  Terran Infantry Weapons Level 2  
  98  11:05  Viking x2  
  98  11:07  Terran Infantry Armor Level 2  
  102  11:23  Marine  
  102  11:24  Marine x3  
  106  11:35  Marine  
  106  11:36  Marine x2  
  106  11:37  Marine  
  88  12:24  Marine x3  
  88  12:25  Marine x6  
  88  12:26  Marine x2  
  98  12:54  Marine x4  
  98  12:55  Marine x4  
Show
View Real Time Build Order
Export as new Build Order

Fobos Protoss 

Build Orders: Nexus First 

Get SALT Encoding   

  12  1:01  Probe (Chrono Boost)  
  12  1:02  Nexus  
  13  1:07  Pylon  
  13  1:11  Assimilator, Probe (Chrono Boost)  
  14  1:25  Probe (Chrono Boost)  
  15  1:28  Gateway  
  15  1:35  Probe (Chrono Boost)  
  16  1:41  Assimilator  
  16  1:45  Pylon  
  16  1:46  Probe (Chrono Boost)  
  17  1:56  Probe (Chrono Boost)  
  18  2:07  Probe (Chrono Boost)  
  19  2:16  Cybernetics Core  
  19  2:17  Probe (Chrono Boost)  
  20  2:24  Probe (Chrono Boost)  
  20  2:28  Probe (Chrono Boost)  
  22  2:34  Probe (Chrono Boost)  
  23  2:38  Probe (Chrono Boost)  
  23  2:39  Gateway  
  24  2:45  Probe (Chrono Boost)  
  25  2:53  Gateway  
  25  2:55  Warp Gate (Chrono Boost)  
  25  3:00  Probe (Chrono Boost)  
  26  3:09  Mothership Core (Chrono Boost)  
  26  3:10  Probe (Chrono Boost)  
  29  3:19  Stalker  
  31  3:21  Probe (Chrono Boost)  
  31  3:26  Zealot  
  34  3:30  Probe (Chrono Boost)  
  35  3:38  Robotics Facility  
  35  3:46  Gateway  
  35  3:50  Probe, Gateway  
  36  4:00  Probe  
  37  4:09  Stalker x2  
  41  4:11  Probe, Stalker  
  44  4:17  Assimilator  
  44  4:22  Probe  
  45  4:32  Probe, Pylon  
  45  4:36  Pylon  
  46  4:49  Warp Prism  
  48  4:54  Probe  
  49  5:05  Probe  
  50  5:07  Robotics Bay  
  50  5:11  Forge  
  50  5:15  Probe  
  51  5:26  Probe  
  52  5:36  Probe  
  45  6:00  Colossus  
  49  6:05  Stalker x3  
  49  6:06  Stalker x2  
  59  6:15  Photon Cannon  
  59  6:18  Extended Thermal Lance  
  59  6:19  Photon Cannon  
  59  6:24  Photon Cannon  
  59  6:40  Stalker  
  59  6:45  Pylon  
  61  6:47  Assimilator  
  61  6:50  Pylon  
  61  6:56  Nexus  
  61  6:59  Photon Cannon  
  50  7:04  Stalker x2  
  50  7:05  Stalker x2  
  53  7:41  Stalker  
  53  7:42  Stalker x3  
  61  7:44  Colossus  
  67  7:51  Stargate  
  67  7:54  Probe  
  68  8:05  Probe  
  68  8:10  Stalker  
  68  8:35  Probe  
  68  8:36  Probe  
  70  8:41  Photon Cannon  
  70  8:43  Photon Cannon  
  70  8:47  Probe  
  71  8:57  Probe  
  72  9:08  Probe  
  73  9:13  Probe  
  74  9:22  Stalker  
  74  9:23  Probe, Stalker  
  78  9:24  Stalker  
  81  9:34  Probe  
  56  10:01  Colossus  
  56  10:03  Stalker x2  
  56  10:04  Stalker  
  62  10:24  Phoenix (Chrono Boost)  
  56  10:30  Probe  
  51  10:36  Photon Cannon  
  51  10:41  Probe  
  51  10:44  Probe  
  51  10:47  Phoenix (Chrono Boost)  
  55  10:54  Probe, Stalker x2  
  60  11:02  Stalker  
  62  11:05  Probe  
  62  11:06  Stalker  
  62  11:08  Sentry  
  67  11:15  Probe  
  67  11:17  Probe  
  68  11:21  Pylon  
  69  11:27  Probe  
  72  11:33  Phoenix (Chrono Boost)  
  72  11:38  Probe  
  72  11:39  Protoss Air Weapons Level 1  
  73  11:48  Probe  
  73  11:53  Stalker  
  76  11:54  Phoenix (Chrono Boost)  
  78  12:12  Pylon, Stalker  
  78  12:13  Stalker x2  
  84  12:20  Phoenix (Chrono Boost)  
  86  12:41  Warp Prism  
  86  12:42  Phoenix (Chrono Boost)  
  86  12:43  Stalker x2  
  94  12:44  Stalker x2  
  94  12:45  Stalker  
  94  12:51  Probe  
  100  12:56  Assimilator  
  101  12:58  Assimilator  
  101  13:04  Pylon  
  101  13:21  Probe  
  101  13:23  Phoenix (Chrono Boost)  
  104  13:31  Probe  
  105  13:42  Probe  
  105  13:45  Phoenix (Chrono Boost)  
  108  13:53  Probe  
  97  14:19  Stalker  
  97  14:20  Stalker x3  
  97  14:21  Stalker  
  91  14:46  Observer  
  91  14:52  Stalker x2  
  80  14:53  Stalker x2  
  80  14:54  Stalker  
  48  15:15  Stalker  
  48  15:16  Stalker x2  
  48  15:20  Zealot x2  
Show
View Real Time Build Order
Export as new Build Order

GabrielsMad Protoss 

Build Orders:  

Get SALT Encoding   

  12  0:01  Probe (Chrono Boost)  
  13  0:11  Probe (Chrono Boost)  
  14  0:22  Probe (Chrono Boost)  
  14  0:26  Pylon  
  15  0:44  Probe (Chrono Boost)  
  16  0:51  Forge  
  16  0:54  Probe (Chrono Boost)  
  17  1:05  Probe (Chrono Boost)  
  18  1:15  Probe (Chrono Boost)  
  19  1:20  Pylon  
  19  1:25  Photon Cannon  
  19  1:26  Probe (Chrono Boost)  
  19  1:29  Photon Cannon  
  20  1:39  Assimilator  
  20  1:43  Pylon  
  20  1:57  Pylon  
  20  2:00  Assimilator  
  20  2:04  Photon Cannon  
  20  2:11  Pylon  
  20  2:20  Probe (Chrono Boost)  
  21  2:30  Gateway  
  21  2:31  Probe (Chrono Boost)  
  22  2:41  Probe (Chrono Boost)  
  23  2:47  Photon Cannon  
  23  2:52  Probe (Chrono Boost)  
  24  3:16  Pylon  
  24  3:33  Photon Cannon  
  23  3:49  Cybernetics Core  
  23  4:04  Photon Cannon  
  23  4:09  Photon Cannon  
  23  4:16  Nexus  
  23  4:21  Pylon  
  23  4:25  Pylon  
  20  4:47  Pylon  
  20  4:59  Pylon  
  20  5:05  Pylon  
  10  5:54  Photon Cannon  
  10  5:59  Probe (Chrono Boost)  
  11  6:06  Probe (Chrono Boost)  
  12  6:19  Pylon  
  12  6:46  Stargate  
  12  6:47  Photon Cannon  
  12  6:49  Probe (Chrono Boost)  
  13  7:00  Probe (Chrono Boost)  
  14  7:05  Photon Cannon  
  14  7:07  Probe (Chrono Boost)  
  15  7:31  Phoenix  
  17  8:10  Probe (Chrono Boost)  
  18  8:21  Probe (Chrono Boost)  
  18  8:26  Probe (Chrono Boost)  
  20  8:31  Probe (Chrono Boost)  
  21  8:37  Probe (Chrono Boost)  
  20  8:42  Probe (Chrono Boost)  
  20  8:47  Probe (Chrono Boost)  
  21  8:52  Probe (Chrono Boost)  
  22  8:58  Probe (Chrono Boost)  
  23  9:02  Photon Cannon  
  23  9:03  Probe (Chrono Boost)  
  23  9:08  Probe (Chrono Boost), Pylon  
  25  9:13  Probe (Chrono Boost)  
  27  9:24  Probe (Chrono Boost)  
  27  9:27  Pylon  
  27  9:28  Probe (Chrono Boost)  
  28  9:34  Probe (Chrono Boost)  
  29  9:39  Probe (Chrono Boost)  
  29  9:45  Probe (Chrono Boost)  
  31  9:49  Probe (Chrono Boost)  
  32  9:55  Probe (Chrono Boost)  
  33  10:05  Void Ray  
  33  10:06  Probe (Chrono Boost)  
  38  10:16  Probe (Chrono Boost)  
  39  10:22  Nexus  
  39  10:30  Fleet Beacon  
  39  10:41  Probe (Chrono Boost)  
  40  10:49  Assimilator  
  40  10:52  Probe (Chrono Boost)  
  40  10:55  Photon Cannon  
  41  10:59  Photon Cannon  
  41  11:06  Robotics Facility  
  41  11:10  Photon Cannon  
  41  11:20  Probe (Chrono Boost)  
  42  11:27  Assimilator x2  
  42  11:29  Pylon  
  42  11:31  Probe (Chrono Boost)  
  43  11:41  Probe (Chrono Boost)  
  44  11:52  Probe (Chrono Boost)  
  45  11:59  Tempest  
  49  12:02  Probe (Chrono Boost), Anion Pulse-Crystals  
  50  12:12  Protoss Shields Level 1  
  50  12:13  Probe (Chrono Boost)  
  50  12:15  Probe (Chrono Boost)  
  52  12:25  Probe (Chrono Boost)  
  53  12:31  Stargate  
  53  12:35  Pylon  
  53  12:36  Probe (Chrono Boost)  
  54  12:38  Pylon  
  54  12:44  Probe (Chrono Boost)  
  54  12:46  Probe (Chrono Boost)  
  54  12:50  Assimilator  
  56  12:55  Probe (Chrono Boost)  
  56  12:57  Probe (Chrono Boost)  
  46  13:05  Probe (Chrono Boost)  
  46  13:07  Probe (Chrono Boost)  
  44  13:16  Probe (Chrono Boost)  
  44  13:17  Pylon  
  44  13:18  Probe (Chrono Boost)  
  46  13:22  Cybernetics Core  
  46  13:25  Gateway  
  46  13:26  Probe (Chrono Boost)  
  44  13:28  Pylon  
  44  13:31  Pylon  
Tags
 
Add a new tag
Caveats
  • Supply blocks, unpowered buildings, or Contaminate may cause inaccurate times.
  • Supply counts are checked every 10 seconds.